Map: Abyssal Reef LE

Players

Hainek - Winner!

  • Race: Zerg Zerg
  • Spawn Location: 11:00

VOD

Have the link to the VOD?

Description

Time

  • Played on: Nov. 9, 2017, 9:51 p.m.
  • Length: 4:04
Show
View Real Time Build Order
Export as new Build Order

Hainek Zerg - Winner!

Build Orders: Hatch First 

Get SALT Encoding   

  12  0:03  Drone  
  12  0:13  Overlord  
  12  0:17  Drone  
  12  0:31  Drone x2  
  12  0:52  Hatchery  
  12  0:55  Drone  
  12  1:00  Extractor  
  12  1:08  Drone  
  12  1:16  Spawning Pool  
  12  1:18  Drone  
  12  1:22  Drone  
  12  1:26  Drone  
  12  1:30  Drone  
  12  1:41  Overlord  
  12  1:51  Drone  
  12  2:04  Queen x2  
  12  2:06  Drone  
  12  2:12  Metabolic Boost  
  12  2:16  Drone  
  12  2:26  Drone x2  
  12  2:27  Drone  
  12  2:39  Drone x3  
  12  2:53  Roach Warren  
  12  3:08  Drone  
  12  3:09  Overlord, Drone x2, Hatchery  
  12  3:11  Drone  
  12  3:22  Drone  
  12  3:23  Overlord  
  12  3:26  Queen  
  12  3:31  Roach Warren  
  12  3:32  Zergling x6  
  12  3:47  Drone x2  
  12  3:48  Drone x2  
Tags
 
Add a new tag
Caveats
  • Supply blocks, unpowered buildings, or Contaminate may cause inaccurate times.
  • Supply counts are checked every 10 seconds.